 Dungeon Sprint DCSS version 0.31-a0-859-g9dce7d3444 (webtiles) character file.

Game seed: 11328647418402343257

32850 rocky1 the Middleweight Champion (level 24, -5/162 HPs)
             Began as an Octopode Shapeshifter on Oct 9, 2023.
             Was an Initiate of Gozag.
             Slain by an Executioner (12 damage)
             ... in the Dungeon (Sprint VI: "Thunderdome").
             The game lasted 00:39:37 (3172 turns).

rocky1 the Middleweight Champion (OpSh)             Turns: 3172, Time: 00:39:39

Health: -5/162     AC:  3    Str: 15    XL:     24   Next: 65%
Magic:  69/70      EV: 37    Int: 22    God:    Gozag
Gold:   6591       SH:  5    Dex: 31    Spells: 35/37 levels left

rFire   + +          +
                       - Unarmed
rCold   + + .        (no shield)
rNeg    + + +        (helmet restricted)
rPois   ∞            x - amulet of Xak Yxath {Reflect MP+9 Int+3 Dex+2 SH+5}
rElec   +            o - ring "Ganorojo" {Dex+3 Slay+4}
rCorr   +            n - ring "Aruu" {rPois rF+ rC+ Str-4 Dex+3}
SInv    +            t - ring "Wuib" {MP+9 Str+3 Dex+5}
Will    +++..        s - ring "Iro Rem" {rF+ SInv}
Stlth   +++++++      u - ring of Dithmenos's Supremacy {rN+ Dex+3 SInv Stlth+}
HPRegen 0.47/turn    q - ring "Ytuonk" {rF++ MP+9}
MPRegen 0.42/turn    D - ring "Nahyuph" {rElec EV+5 Dex+2}
                     A - ring "Yjaptin" {rF- rN+++ Will+ rCorr MP+9}

%: no teleportation, reflection
@: death-form, gold aura, unable to read
A: vile attack, torment immunity, no potions, almost no armour, amphibious, 8
rings, camouflage 1, gelatinous body 1, (nimble swimmer 1), tentacles, fangs 1,
iridescent scales 1, fire resistance 2, frail 1, screaming 1, inability to read
after injury 1, MP-powered wands
}: 4/15 runes: decaying, elven, silver, gossamer
a: Siphon Essence, Begin Untransformation, Renounce Religion, Potion Petition,
Call Merchant, Bribe Branch


You were in the Dungeon.
You worshipped Gozag.
Gozag was greatly pleased with you.
You were an undying horror.
You visited 1 branch You collected 27696 gold pieces.
You spent 21105 gold pieces at shops.

Inventory:

Armour
 l - a +2 cloak of preservation
 M - the +1 hat of Recklessness {Int+2 SInv}
   (You bought it in a shop in the Dungeon)

   Int+2:     It affects your intelligence (+2).
   SInv:      It lets you see invisible.
Jewellery
 n - the ring "Aruu" (right tentacle) {rPois rF+ rC+ Str-4 Dex+3}
   (You bought it in a shop in the Dungeon)

   [ring of poison resistance]

   Str-4:     It affects your strength (-4).
   Dex+3:     It affects your dexterity (+3).
   rF+:       It protects you from fire.
   rC+:       It protects you from cold.
   rPois:     It protects you from poison
 o - the ring "Ganorojo" (left tentacle) {Dex+3 Slay+4}
   (You bought it in a shop in the Dungeon)

   [ring of slaying]

   Dex+3:     It affects your dexterity (+3).
   Slay+4:    It affects your accuracy & damage with ranged weapons and melee
   (+4).
 q - the ring "Ytuonk" (on tentacle) {rF++ MP+9}
   (You bought it in a shop in the Dungeon)

   [ring of magical power]

   rF++:      It greatly protects you from fire.
   MP+9:      It affects your magic capacity (+9).
 s - the ring "Iro Rem" (on tentacle) {rF+ SInv}
   (You bought it in a shop in the Dungeon)

   [ring of see invisible]

   rF+:       It protects you from fire.
   SInv:      It lets you see invisible.
 t - the ring "Wuib" (on tentacle) {MP+9 Str+3 Dex+5}
   (You bought it in a shop in the Dungeon)

   [ring of magical power]

   Str+3:     It affects your strength (+3).
   Dex+5:     It affects your dexterity (+5).
   MP+9:      It affects your magic capacity (+9).
 u - the ring of Dithmenos's Supremacy (on tentacle) {rN+ Dex+3 SInv Stlth+}
   (You bought it in a shop in the Dungeon)

   [ring of see invisible]

   Dex+3:     It affects your dexterity (+3).
   rN+:       It protects you from negative energy.
   SInv:      It lets you see invisible.
   Stlth+:    It makes you more stealthy.
 x - the amulet of Xak Yxath (around mantle) {Reflect MP+9 Int+3 Dex+2 SH+5}
   (You bought it in a shop in the Dungeon)

   [amulet of reflection]

   Reflect:   It reflects blocked missile attacks.
   Int+3:     It affects your intelligence (+3).
   Dex+2:     It affects your dexterity (+2).
   MP+9:      It affects your magic capacity (+9).
   SH+5:      It affects your SH (+5).
 A - the ring "Yjaptin" (on tentacle) {rF- rN+++ Will+ rCorr MP+9}
   (You bought it in a shop in the Dungeon)

   [ring of resist corrosion]

   rF-:       It makes you vulnerable to fire.
   rN+++:     It renders you almost immune to negative energy.
   Will+:     It increases your willpower.
   MP+9:      It affects your magic capacity (+9).
   rCorr:     It protects you from acid and corrosion.
 B - the ring of Caycecudd {rN+ AC+4 Str+2}
   (You bought it in a shop in the Dungeon)

   [ring of protection]

   AC+4:      It affects your AC (+4).
   Str+2:     It affects your strength (+2).
   rN+:       It protects you from negative energy.
 D - the ring "Nahyuph" (on tentacle) {rElec EV+5 Dex+2}
   (You bought it in a shop in the Dungeon)

   [ring of evasion]

   EV+5:      It affects your evasion (+5).
   Dex+2:     It affects your dexterity (+2).
   rElec:     It insulates you from electricity.
 E - the ring "Ryrublu" {Fly rElec rC+ Int+5}
   (You bought it in a shop in the Dungeon)

   [ring of flight]

   Int+5:     It affects your intelligence (+5).
   rC+:       It protects you from cold.
   rElec:     It insulates you from electricity.
   Fly:       It grants you flight.
 F - the ring "Kuffinwe" {rElec rPois Int+4 Dex-5}
   (You bought it in a shop in the Dungeon)

   [ring of poison resistance]

   Int+4:     It affects your intelligence (+4).
   Dex-5:     It affects your dexterity (-5).
   rElec:     It insulates you from electricity.
   rPois:     It protects you from poison
Talismans
 b - a beast talisman
 c - a flux talisman
 w - a granite talisman
 y - a talisman of death (active)
 C - a storm talisman
 G - a dragon-blood talisman
Wands
 k - a wand of quicksilver (5)
 r - a wand of paralysis (7)
 v - a wand of mindburst (8)
Scrolls
 i - 27 scrolls of blinking
 m - 27 scrolls of fog
 K - 10 scrolls of amnesia
 L - a scroll of summoning
Potions
 a - a potion of lignification
 d - 21 potions of curing
 e - 47 potions of heal wounds
 f - 14 potions of haste
 g - 2 potions of magic
 h - a potion of berserk rage
 j - a potion of resistance
 z - 6 potions of attraction
 J - a potion of experience
Miscellaneous
 p - a quad damage
 H - a quad damage
 I - a quad damage


   Skills:
 + Level 18.9 Fighting
 - Level 16.1 Dodging
 - Level 9.6 Stealth
 - Level 3.1 Shields
 O Level 27 Unarmed Combat
 + Level 7.4 Spellcasting
 - Level 2.6 Evocations
 + Level 25.3 Shapeshifting


You had 35 spell levels left.
You knew the following spells:

 Your Spells              Type           Power      Damage    Failure   Level
a - Blink                 Tloc           16%        N/A       12%         2

Your spell library contained the following spells:

 Spells                   Type           Power      Damage    Failure   Level
 Ensorcelled Hibernation  Hex/Ice        16%        N/A       12%         2
 Lesser Beckoning         Tloc           16%        N/A       12%         2
 Momentum Strike          Conj/Tloc      16%        3d8       12%         2
 Passwall                 Tmut/Erth      6%         N/A       12%         2
 Poisonous Vapours        Pois/Air       16%        N/A       12%         2
 Gell's Gravitas          Tloc           8%         N/A       24%         3
 Mephitic Cloud           Conj/Pois/Air  8%         N/A       24%         3
 Ozocubu's Armour         Ice            8%         N/A       24%         3
 Swiftness                Air            8%         N/A       24%         3
 Teleport Other           Tloc           8%         N/A       24%         3
 Volatile Blastmotes      Fire/Tloc      16%        2d11      24%         3
 Anguish                  Hex/Necr       4%         N/A       61%         4
 Cause Fear               Hex            4%         N/A       61%         4
 Fulminant Prism          Conj/Hex       4%         3d5       61%         4
 Iskenderun's Mystic Bla  Conj/Tloc      8%         2d4       61%         4
 Leda's Liquefaction      Hex/Erth       4%         N/A       61%         4
 Olgreb's Toxic Radiance  Pois           8%         N/A       61%         4
 Passage of Golubria      Tloc           8%         N/A       61%         4
 Iskenderun's Battlesphe  Conj           8%         2d6       91%         5
 Lee's Rapid Deconstruct  Erth           4%         3d5*      91%         5
 Silence                  Hex/Air        4%         N/A       91%         5
 Summon Forest            Summ/Tloc      4%         N/A       91%         5
 Summon Mana Viper        Hex/Summ       8%         N/A       91%         5
 Bombard                  Conj/Erth      4%         9d2       100%        6
 Conjure Ball Lightning   Conj/Air       4%         3x3d6     100%        6
 Summon Cactus Giant      Summ           4%         N/A       100%        6
 Enfeeble                 Hex            4%         N/A       100%        7
 Haunt                    Necr/Summ      4%         N/A       100%        7
 Malign Gateway           Summ/Tloc      4%         N/A       100%        7
 Ozocubu's Refrigeration  Ice            4%         4d8       100%        7
 Spellforged Servitor     Conj/Summ      4%         N/A       100%        7
 Borgnjor's Revivificati  Necr           4%         N/A       100%        8
 Discord                  Hex            4%         N/A       100%        8
 Disjunction              Tloc           4%         N/A       100%        8
 Ignition                 Fire           4%         3d4       100%        8
 Infestation              Necr           4%         N/A       100%        8
 Lehudib's Crystal Spear  Conj/Erth      4%         10d3      100%        8
 Summon Horrible Things   Summ           4%         N/A       100%        8
 Chain Lightning          Conj/Air       4%         3d5       100%        9
 Death's Door             Necr           4%         N/A       100%        9
 Fire Storm               Conj/Fire      4%         8d1       100%        9
 Shatter                  Erth           4%         3d7*      100%        9
 Animate Dead             Necr           Unusable   N/A       N/A         4

Dungeon Overview and Level Annotations

Branches:
Dungeon (1/1)

Altars:
Cheibriados
Dithmenos
Fedhas
Gozag
Kikubaaqudgha
Makhleb
Okawaru
Qazlal
Ru
Sif Muna
Trog
Uskayaw
Vehumet
Wu Jian
Xom
Yredelemnul
Zin
The Shining One
Lugonu

Shops:
D [=??*?*[((!!


Innate Abilities, Weirdness & Mutations

You are an undying horror.
Your melee and unarmed attacks drain, slow and weaken victims.
You are immune to unholy pain and torment.
You cannot drink.
You are immune to poison.
You cannot wear most types of armour.
You are amphibious.
You can wear up to eight rings at the same time.
Your skin changes colour to match your surroundings (Stealth+).
Your rubbery body absorbs attacks. (AC +1, EV +1)
((You are camouflaged when in or above water. (Stealth+)))
You have tentacles for arms and can constrict up to eight enemies at once.
You have very sharp teeth.
You are partially covered in iridescent scales. (AC +2)
Your flesh is very heat resistant. (rF++)
You are frail. (-10% HP)
You occasionally shout uncontrollably at your foes.
You occasionally lose the ability to read scrolls when taking damage.
You expend magic power (3 MP) to strengthen your wands.


Message History

Unknown command.
You are too injured to fight recklessly!
Unknown command.
The Executioner gives a hideous shriek! x2
You batter the Executioner!!
The Executioner decays.
Your tentacle-slap misses the Executioner.
Your bite misses the Executioner.
The Executioner is almost dead.
The Executioner completely misses you.
The Executioner hits you but does no damage.
You block the Executioner's attack.
The Executioner gestures.
The Executioner seems to speed up.
You bludgeon the Executioner!
You kill the Executioner!
The Executioner is distracted by your dazzling golden aura.
Unknown command.
You closely miss the Executioner.
The Executioner gives a hideous shriek!
You tentacle-slap the Executioner.
The Executioner is lightly wounded. 50...
The Executioner hits you!!
* * * LOW HITPOINT WARNING * * *
The Executioner completely misses you.
The Executioner hits you but does no damage.
The Executioner completely misses you. The Executioner hits you.
* * * LOW HITPOINT WARNING * * *
The Executioner completely misses you.
The Executioner is distracted by your dazzling golden aura.
Unknown command.
You cannot drink potions in your current state!
The Executioner gives a hideous shriek!
You thrash the Executioner!!!
The Executioner decays.
Your tentacle-slap misses the Executioner.
The Executioner is heavily wounded.
The Executioner is distracted by your dazzling golden aura.
The Executioner hits you!
You die...
Your body crumbles into a pile of gold.

#⌠......)....⌠#
######.8).)..[...8.######
##∩._)[.[...###[....._._∩##
##∩...).[.[8.# #.8..[.1..1∩###
.."...[....)[###$.1..........##
...[.=...[###.11###..........§#
....)...).# #.11# #..........⌠#
.....)....###111###..........§#
...[)........###z....1.......##
##∩.)..)1..8.# #.8........∩###
##∩__.....1.###......___∩##
######.8.........8.######
#⌠[..........⌠# ###.........###
#_...[..._# #_.[....._#
#_.....[._#


You could see 8 Executioners.

Vanquished Creatures
  Mennas (D)
  3 orbs of fire (D)
  A deep elf elementalist (D)
  A royal mummy (D)
  Arachne (D)
  3 Brimstone Fiends (D)
  A sphinx (D)
  2 Executioners (D)
  2 fire giants (D)
  3 balrugs (D)
  A bunyip (D)
  An eidolon (D)
  A dire elephant (shapeshifter) (D)
  6 green deaths (D)
  2 deep elf death magi (D)
  A mummy priest (D)
  A wizard (D)
  4 hydras (D)
  An ironbound frostheart (D)
  2 ogre magi (D)
  A vault guard (D)
  2 death knights (D)
  2 death scarabs (D)
  2 death yaks (D)
  3 shock serpents (shapeshifter) (D)
  3 vampire magi (D)
  Nergalle (D)
  3 sun demons (D)
  A fire crab (shapeshifter) (D)
  A deep troll (shapeshifter) (D)
  A death drake (D)
  4 sea snakes (D)
  A glowing orange brain (shapeshifter) (D)
  6 swamp dragons (D)
  An orb spider (shapeshifter) (D)
  3 deep elf zephyrmancers (D)
  A manticore (shapeshifter) (D)
  A deep elf pyromancer (D)
  A moth of wrath (shapeshifter) (D)
  A wolf spider (shapeshifter) (D)
  9 shining eyes (D)
  Maurice (D)
  5 naga magi (D)
  A hellion (D)
  A rime drake (D)
  A komodo dragon (shapeshifter) (D)
  5 queen bees (D)
  2 polar bears (shapeshifter) (D)
  A hornet (D)
  2 flying skulls (D)
  Sigmund (D)
  A fire elemental (D)
  An ushabti (D)
  A culicivora (shapeshifter) (D)
  5 fire bats (D)
  A hog (shapeshifter) (D)
  6 wraiths (D)
  A golden eye (shapeshifter) (D)
  A yak (shapeshifter) (D)
  A basilisk (shapeshifter) (D)
  13 neqoxecs (D)
  A redback (shapeshifter) (D)
  8 redbacks (D)
  A swamp worm (shapeshifter) (D)
  An orc warrior (D)
  2 ice beasts (D)
  8 dwarves (D)
  A sky beast (shapeshifter) (D)
  A centaur (D)
  A phantom (D)
  2 necrophages (D)
  A wight (D)
  A gnoll sergeant (D)
  4 killer bees (D)
  A hound (D)
  Terence (D)
  2 mummies (D)
  5 ogre simulacra (D)
  A white imp (D)
  An adder skeleton (D)
  An adder zombie (D)
  A worm (D)
  A dart slug (D)
  A bat zombie (D)
  A ball python (D)
  A ball python skeleton (D)
  A jackal simulacrum (D)
  A fire vortex (D)
188 creatures vanquished.

Notes
Turn   | Place    | Note
-------+----------+-------------------------------------------
     0 | D        | rocky1 the Octopode Shapeshifter began the quest for the
                  | Orb.
     0 | D        | Reached XP level 1. HP: 13/13 MP: 1/1
     4 | D        | Found a burning altar of Makhleb.
     5 | D        | Found a radiant altar of Vehumet.
     5 | D        | Found a shimmering altar of Xom.
     5 | D        | Round 1.
     6 | D        | Found a sacrificial altar of Ru.
     7 | D        | Found Soxing's Timeless Talismans.
     7 | D        | Found a glowing golden altar of the Shining One.
     7 | D        | Found Beyff's Identification Station.
     8 | D        | Found Uthratucs's Jewellery.
     8 | D        | Found Urefooz's Advanced Armour.
    14 | D        | Found a basalt altar of Yredelemnul.
    15 | D        | Found an iron altar of Okawaru.
    16 | D        | Found a shimmering blue altar of Sif Muna.
    18 | D        | Found Plog's Premium Goods.
    20 | D        | Found a blossoming altar of Fedhas.
    20 | D        | Found an ornate altar of the Wu Jian Council.
    20 | D        | Found Wezagri's Weapon Rack.
    21 | D        | Found Heggycs's Miscellaneous Merchandise.
    21 | D        | Found Pikuapyo's Basic Armour.
    26 | D        | Found a glowing silver altar of Zin.
    27 | D        | Found a shadowy altar of Dithmenos.
    28 | D        | Found an ancient bone altar of Kikubaaqudgha.
    30 | D        | Found Egrueduy's Do-It-Yourself Clinic.
    32 | D        | Found a corrupted altar of Lugonu.
    32 | D        | Found an opulent altar of Gozag.
    32 | D        | Found Kaintedd's Distillery.
    33 | D        | Found Orempen's Bottled Wisdom.
    33 | D        | Found Mivofu's Distillery.
    37 | D        | Noticed Terence
    39 | D        | Found a stormy altar of Qazlal.
    40 | D        | Found a hide-covered altar of Uskayaw.
    43 | D        | Killed Terence
    44 | D        | Reached skill level 4 in Unarmed Combat
    44 | D        | Reached XP level 2. HP: 18/18 MP: 2/2
    44 | D        | Reached XP level 3. HP: 23/23 MP: 3/3
    46 | D        | Became a worshipper of Gozag Ym Sagoz the Greedy
    50 | D        | Found a snail-covered altar of Cheibriados.
    51 | D        | Found Qimirgha's Staff Store.
    52 | D        | Noticed Sigmund
    57 | D        | Killed Sigmund
    58 | D        | Reached skill level 7 in Unarmed Combat
    58 | D        | Reached skill level 1 in Evocations
    58 | D        | Reached XP level 4. HP: 26/29 MP: 4/4
    58 | D        | Reached XP level 5. HP: 31/34 MP: 5/5
    59 | D        | Found a bloodstained altar of Trog.
    59 | D        | Found Haazor's Magic Scroll Shop.
    62 | D        | Found Wegg's Must-Have Magic.
    62 | D        | Found Vuocs's Magic Scroll Shop.
    77 | D        | Arena points: 12 (+12) [x2]
    94 | D        | Bought a coiled silver ring for 45 gold pieces
    94 | D        | Identified the ring "Aruu" {rPois rF+ rC+ Str-4 Dex+3} (You
                  | bought it in a shop in the Dungeon)
    94 | D        | Bought a glittering copper ring for 45 gold pieces
    94 | D        | Identified the ring "Ganorojo" {Dex+3 Slay+4} (You bought
                  | it in a shop in the Dungeon)
    94 | D        | Bought a clouded crystal amulet for 45 gold pieces
    94 | D        | Identified the amulet "Myubetekk" {rN+ Will- Regen+ Str+8
                  | Stlth+} (You bought it in a shop in the Dungeon)
    94 | D        | Bought a glittering lapis lazuli ring for 45 gold pieces
    94 | D        | Identified the ring "Ytuonk" {rF++ MP+9} (You bought it in
                  | a shop in the Dungeon)
    94 | D        | Bought a slimy copper ring for 45 gold pieces
    94 | D        | Identified the ring of Gyhoguk {rPois Dex+3} (You bought it
                  | in a shop in the Dungeon)
    94 | D        | Bought a faintly glowing brass ring for 45 gold pieces
    94 | D        | Identified the ring "Iro Rem" {rF+ SInv} (You bought it in
                  | a shop in the Dungeon)
    94 | D        | Bought a sparkling bronze ring for 45 gold pieces
    94 | D        | Identified the ring "Wuib" {MP+9 Str+3 Dex+5} (You bought
                  | it in a shop in the Dungeon)
    94 | D        | Bought a scintillating turquoise ring for 45 gold pieces
    94 | D        | Identified the ring of Dithmenos's Supremacy {rN+ Dex+3
                  | SInv Stlth+} (You bought it in a shop in the Dungeon)
   143 | D        | Round 2.
   174 | D        | Reached skill level 8 in Unarmed Combat
   174 | D        | Reached XP level 6. HP: 39/39 MP: 6/6
   192 | D        | Reached skill level 9 in Unarmed Combat
   249 | D        | Reached skill level 1 in Stealth
   251 | D        | Arena points: 54 (+42) [x3]
   252 | D        | Reached skill level 10 in Unarmed Combat
   252 | D        | Reached XP level 7. HP: 45/45 MP: 7/7
   304 | D        | Round 3.
   308 | D        | Noticed a fire bat
   315 | D        | Killed a fire bat
   316 | D        | Reached skill level 5 in Dodging
   316 | D        | Reached skill level 11 in Unarmed Combat
   333 | D        | Noticed a fire bat
   340 | D        | Killed a fire bat
   344 | D        | Noticed a fire bat
   351 | D        | Killed a fire bat
   352 | D        | Reached skill level 12 in Unarmed Combat
   352 | D        | Reached XP level 8. HP: 50/50 MP: 8/8
   384 | D        | Reached skill level 10 in Shapeshifting
   412 | D        | Arena points: 138 (+84) [x4]
   413 | D        | Reached skill level 13 in Unarmed Combat
   442 | D        | Bought a book of the Moon for 280 gold pieces
   442 | D        | Bought a book of the Earth for 252 gold pieces
   442 | D        | Bought a book of Spatial Translocations for 126 gold pieces
   445 | D        | Learned a level 2 spell: Blink
   466 | D        | Round 4.
   467 | D        | Noticed a hornet
   472 | D        | Killed a hornet
   497 | D        | Noticed Maurice
   506 | D        | Killed Maurice
   507 | D        | Reached skill level 5 in Fighting
   507 | D        | Reached XP level 9. HP: 61/61 MP: 9/9
   536 | D        | Reached skill level 14 in Unarmed Combat
   618 | D        | Arena points: 298 (+160) [x5]
   635 | D        | Bought a granite talisman for 560 gold pieces
   663 | D        | Round 5.
   664 | D        | Noticed a witch
   664 | D        | Noticed a goliath frog
   674 | D        | Killed a witch
   674 | D        | Arena points: 578 (+280) [x7]
   678 | D        | Got a decaying rune of Zot
   679 | D        | Reached XP level 10. HP: 24/69 MP: 10/10
   707 | D        | Bought a translucent emerald amulet for 45 gold pieces
   707 | D        | Identified the amulet of Xak Yxath {Reflect MP+9 Int+3
                  | Dex+2 SH+5} (You bought it in a shop in the Dungeon)
   707 | D        | Bought a smoking copper amulet for 45 gold pieces
   707 | D        | Identified the amulet of the Gazing Gods {Contam Harm Fly
                  | rElec Regen+} (You bought it in a shop in the Dungeon)
   707 | D        | Bought a twitching turquoise ring for 45 gold pieces
   707 | D        | Identified the ring "Yjaptin" {rF- rN+++ Will+ rCorr MP+9}
                  | (You bought it in a shop in the Dungeon)
   707 | D        | Bought a vibrating granite ring for 45 gold pieces
   707 | D        | Identified the ring of Caycecudd {rN+ AC+4 Str+2} (You
                  | bought it in a shop in the Dungeon)
   707 | D        | Bought an ancient crystal amulet for 45 gold pieces
   707 | D        | Identified the amulet of Lafutwu {Spirit Str+4} (You bought
                  | it in a shop in the Dungeon)
   707 | D        | Bought a twitching lead ring for 45 gold pieces
   707 | D        | Identified the ring "Nahyuph" {rElec EV+5 Dex+2} (You
                  | bought it in a shop in the Dungeon)
   707 | D        | Bought a brightly glowing lapis lazuli ring for 45 gold
                  | pieces
   707 | D        | Identified the ring "Ryrublu" {Fly rElec rC+ Int+5} (You
                  | bought it in a shop in the Dungeon)
   707 | D        | Bought a sparkling silver ring for 45 gold pieces
   707 | D        | Identified the ring "Kuffinwe" {rElec rPois Int+4 Dex-5}
                  | (You bought it in a shop in the Dungeon)
   707 | D        | Bought a steaming ruby amulet for 45 gold pieces
   707 | D        | Identified the amulet "Dazira" {Reflect rElec SH+5} (You
                  | bought it in a shop in the Dungeon)
   777 | D        | Bought a book of Power for 294 gold pieces
   800 | D        | Round 6.
   814 | D        | Reached skill level 15 in Unarmed Combat
   816 | D        | Reached skill level 1 in Spellcasting
   838 | D        | Noticed Nergalle
   844 | D        | Killed Nergalle
   845 | D        | Reached XP level 11. HP: 69/77 MP: 15/15
   884 | D        | Noticed an eidolon
   894 | D        | Killed an eidolon
   894 | D        | Arena points: 1010 (+432) [x8]
   939 | D        | Round 7.
   984 | D        | Reached skill level 16 in Unarmed Combat
  1024 | D        | Arena points: 1577 (+567) [x9]
  1050 | D        | Round 8.
  1051 | D        | Noticed a harpy
  1057 | D        | a harpy changed into a blink frog
  1072 | D        | a shapeshifter changed into a fire crab
  1072 | D        | Noticed a fire crab (shapeshifter)
  1079 | D        | Killed a fire crab
  1082 | D        | Reached skill level 5 in Spellcasting
  1091 | D        | Reached skill level 10 in Fighting
  1109 | D        | Arena points: 2297 (+720) [x10]
  1154 | D        | Round 9.
  1277 | D        | Arena points: 2378 (+81) [x1]
  1287 | D        | Round 10.
  1290 | D        | Noticed Arachne
  1311 | D        | Killed Arachne
  1311 | D        | Arena points: 2648 (+270) [x3]
  1315 | D        | Got a gossamer rune of Zot
  1338 | D        | Bought 3 potions of experience for 900 gold pieces
  1338 | D        | Bought 3 potions of experience for 900 gold pieces
  1338 | D        | Bought 2 potions of experience for 600 gold pieces
  1338 | D        | Bought a potion of experience for 300 gold pieces
  1338 | D        | Bought a potion of experience for 300 gold pieces
  1340 | D        | Bought 4 potions of curing for 84 gold pieces
  1340 | D        | Bought 4 potions of curing for 84 gold pieces
  1340 | D        | Bought 3 potions of heal wounds for 105 gold pieces
  1340 | D        | Bought 3 potions of heal wounds for 105 gold pieces
  1340 | D        | Bought 3 potions of heal wounds for 105 gold pieces
  1340 | D        | Reached skill level 17 in Unarmed Combat
  1340 | D        | Reached XP level 12. HP: 89/89 MP: 22/22
  1341 | D        | Reached XP level 13. HP: 94/94 MP: 23/23
  1342 | D        | Reached skill level 18 in Unarmed Combat
  1342 | D        | Reached XP level 14. HP: 99/99 MP: 24/24
  1343 | D        | Reached skill level 15 in Shapeshifting
  1343 | D        | Reached XP level 15. HP: 105/105 MP: 25/25
  1344 | D        | Reached XP level 16. HP: 112/112 MP: 26/26
  1345 | D        | Reached skill level 19 in Unarmed Combat
  1345 | D        | Reached XP level 17. HP: 119/119 MP: 27/27
  1346 | D        | Reached XP level 18. HP: 125/125 MP: 28/28
  1347 | D        | Reached XP level 19. HP: 130/130 MP: 29/29
  1348 | D        | Reached XP level 20. HP: 136/136 MP: 30/30
  1349 | D        | Reached XP level 21. HP: 142/142 MP: 31/31
  1350 | D        | Reached XP level 22. HP: 148/148 MP: 32/32
  1453 | D        | Round 11.
  1457 | D        | Gained mutation: You are dopey. (Int -2) [a shining eye]
  1458 | D        | Gained mutation: You occasionally shout uncontrollably at
                  | your foes. [a shining eye]
  1488 | D        | Gained mutation: Your spells are a little easier to cast,
                  | but a little less powerful. [a shining eye]
  1488 | D        | Gained mutation: You sometimes lose your temper in combat.
                  | [a shining eye]
  1491 | D        | Gained mutation: You are frail. (-10% HP) [a shining eye]
  1494 | D        | Gained mutation: Your magical capacity is low. (-10% MP) [a
                  | shining eye]
  1497 | D        | Gained mutation: You are very frail. (-20% HP) [a shining
                  | eye]
  1528 | D        | Arena points: 3088 (+440) [x4]
  1549 | D        | Round 12.
  1550 | D        | Bought 3 potions of mutation for 168 gold pieces
  1550 | D        | Bought 2 potions of mutation for 112 gold pieces
  1550 | D        | Bought a potion of mutation for 56 gold pieces
  1550 | D        | Bought 6 potions of attraction for 126 gold pieces
  1552 | D        | Bought 3 potions of mutation for 168 gold pieces
  1552 | D        | Bought 2 potions of mutation for 112 gold pieces
  1552 | D        | Bought 2 potions of mutation for 112 gold pieces
  1553 | D        | Lost mutation: Your spells are a little easier to cast, but
                  | a little less powerful. [potion of mutation]
  1553 | D        | Lost mutation: You sometimes lose your temper in combat.
                  | [potion of mutation]
  1553 | D        | Lost mutation: Your magical capacity is low. (-10% MP)
                  | [potion of mutation]
  1553 | D        | Gained mutation: You have a pair of small antennae on your
                  | head. [potion of mutation]
  1553 | D        | Gained mutation: You are partially covered in iridescent
                  | scales. (AC +2) [potion of mutation]
  1554 | D        | Lost mutation: You are partially covered in iridescent
                  | scales. (AC +2) [potion of mutation]
  1554 | D        | Lost mutation: You occasionally shout uncontrollably at
                  | your foes. [potion of mutation]
  1554 | D        | Lost mutation: You are very frail. (-20% HP) [potion of
                  | mutation]
  1554 | D        | Gained mutation: Your spells are a little easier to cast,
                  | but a little less powerful. [potion of mutation]
  1554 | D        | Gained mutation: You are agile. (Dex +4, Str/Int -1)
                  | [potion of mutation]
  1555 | D        | Lost mutation: You are frail. (-10% HP) [potion of
                  | mutation]
  1555 | D        | Lost mutation: You are dopey. (Int -2) [potion of mutation]
  1555 | D        | Lost mutation: You have a pair of small antennae on your
                  | head. [potion of mutation]
  1555 | D        | Gained mutation: You are partially covered in iridescent
                  | scales. (AC +2) [potion of mutation]
  1555 | D        | Gained mutation: You possess an exceptional clarity of
                  | mind. [potion of mutation]
  1556 | D        | Lost mutation: You are agile. (Dex +4, Str/Int -1) [potion
                  | of mutation]
  1556 | D        | Lost mutation: Your spells are a little easier to cast, but
                  | a little less powerful. [potion of mutation]
  1556 | D        | Lost mutation: You possess an exceptional clarity of mind.
                  | [potion of mutation]
  1556 | D        | Gained mutation: Your body sometimes deteriorates upon
                  | taking damage. [potion of mutation]
  1571 | D        | Reached skill level 15 in Dodging
  1599 | D        | Arena points: 3868 (+780) [x5]
  1600 | D        | Reached skill level 20 in Unarmed Combat
  1612 | D        | Round 13.
  1665 | D        | Reached skill level 21 in Unarmed Combat
  1688 | D        | Reached XP level 23. HP: 153/153 MP: 33/33
  1702 | D        | Reached skill level 22 in Unarmed Combat
  1711 | D        | Arena points: 4960 (+1092) [x6]
  1745 | D        | Round 14.
  1796 | D        | Arena points: 5940 (+980) [x7]
  1806 | D        | Round 15.
  1847 | D        | Arena points: 7425 (+1485) [x9]
  1848 | D        | Reached skill level 23 in Unarmed Combat
  1851 | D        | Got an elven rune of Zot
  1924 | D        | Bought the Unrestrained Analects for 322 gold pieces
  1924 | D        | Bought the Handbook of the Arenous Black Widow for 182 gold
                  | pieces
  1924 | D        | Bought Ozocubu's Autobiography for 168 gold pieces
  1924 | D        | Bought a book of Blasting for 196 gold pieces
  1924 | D        | Bought a book of Chaos for 350 gold pieces
  1924 | D        | Bought a Necronomicon for 378 gold pieces
  1924 | D        | Bought a Grand Grimoire for 238 gold pieces
  1924 | D        | Bought a book of Annihilations for 420 gold pieces
  1924 | D        | Bought a book of Burglary for 140 gold pieces
  1924 | D        | Bought a book of Displacement for 154 gold pieces
  1924 | D        | Bought a book of Death for 308 gold pieces
  1924 | D        | Bought a book of Hexes for 252 gold pieces
  1924 | D        | Bought a book of the Wilderness for 266 gold pieces
  1931 | D        | Reached XP level 24. HP: 160/160 MP: 33/33
  1965 | D        | Round 16.
  1973 | D        | Bought a talisman of death for 795 gold pieces
  1973 | D        | Bought a storm talisman for 795 gold pieces
  1973 | D        | Bought a dragon-blood talisman for 560 gold pieces
  2003 | D        | Reached skill level 24 in Unarmed Combat
  2075 | D        | Arena points: 9665 (+2240) [x10]
  2098 | D        | Round 17.
  2136 | D        | Reached skill level 25 in Unarmed Combat
  2209 | D        | Arena points: 11909 (+2244) [x11]
  2233 | D        | Round 18.
  2254 | D        | Gained mutation: Your body often deteriorates upon taking
                  | damage. [a neqoxec]
  2295 | D        | Gained mutation: You are agile. (Dex +4, Str/Int -1) [a
                  | neqoxec]
  2308 | D        | Gained mutation: You have hidden genetic defects. [a
                  | neqoxec]
  2311 | D        | Gained mutation: You are frail. (-10% HP) [a neqoxec]
  2318 | D        | Reached skill level 26 in Unarmed Combat
  2319 | D        | Gained mutation: You are dopey. (Int -2) [a neqoxec]
  2339 | D        | Arena points: 14933 (+3024) [x12]
  2353 | D        | Lost mutation: You have hidden genetic defects. [potion of
                  | mutation]
  2353 | D        | Lost mutation: You are frail. (-10% HP) [potion of
                  | mutation]
  2353 | D        | Lost mutation: You are dopey. (Int -2) [potion of mutation]
  2353 | D        | Gained mutation: You occasionally lose the ability to read
                  | scrolls when taking damage. [potion of mutation]
  2353 | D        | Gained mutation: You are somewhat resistant to further
                  | mutation. [potion of mutation]
  2354 | D        | Lost mutation: Your body often deteriorates upon taking
                  | damage. [potion of mutation]
  2354 | D        | Lost mutation: You are somewhat resistant to further
                  | mutation. [potion of mutation]
  2354 | D        | Lost mutation: You occasionally lose the ability to read
                  | scrolls when taking damage. [potion of mutation]
  2354 | D        | Gained mutation: One of your tentacles bears a spike.
                  | [potion of mutation]
  2354 | D        | Gained mutation: Your magical capacity is low. (-10% MP)
                  | [potion of mutation]
  2354 | D        | Gained mutation: You passively map a small area around you.
                  | [potion of mutation]
  2355 | D        | Lost mutation: You are agile. (Dex +4, Str/Int -1) [potion
                  | of mutation]
  2355 | D        | Lost mutation: One of your tentacles bears a spike. [potion
                  | of mutation]
  2355 | D        | Lost mutation: You are partially covered in iridescent
                  | scales. (AC +2) [potion of mutation]
  2355 | D        | Gained mutation: You are clumsy. (Dex -2) [potion of
                  | mutation]
  2355 | D        | Gained mutation: Your system is resistant to poisons.
                  | (rPois) [potion of mutation]
  2356 | D        | Lost mutation: Your system is resistant to poisons. (rPois)
                  | [potion of mutation]
  2356 | D        | Lost mutation: You passively map a small area around you.
                  | [potion of mutation]
  2356 | D        | Lost mutation: Your body sometimes deteriorates upon taking
                  | damage. [potion of mutation]
  2356 | D        | Gained mutation: You are robust. (+10% HP) [potion of
                  | mutation]
  2356 | D        | Gained mutation: You occasionally lose the ability to drink
                  | potions when taking damage. [potion of mutation]
  2356 | D        | Gained mutation: You have a pair of small antennae on your
                  | head. [potion of mutation]
  2357 | D        | Lost mutation: You occasionally lose the ability to drink
                  | potions when taking damage. [potion of mutation]
  2357 | D        | Lost mutation: You are robust. (+10% HP) [potion of
                  | mutation]
  2357 | D        | Lost mutation: You have a pair of small antennae on your
                  | head. [potion of mutation]
  2357 | D        | Gained mutation: Your mind is acute. (Int +4, Str/Dex -1)
                  | [potion of mutation]
  2357 | D        | Gained mutation: You occasionally shout uncontrollably at
                  | your foes. [potion of mutation]
  2357 | D        | Gained mutation: You are partially covered in large bone
                  | plates. (SH +4) [potion of mutation]
  2358 | D        | Lost mutation: You are clumsy. (Dex -2) [potion of
                  | mutation]
  2358 | D        | Lost mutation: You are partially covered in large bone
                  | plates. (SH +4) [potion of mutation]
  2358 | D        | Gained mutation: You expend magic power (3 MP) to
                  | strengthen your wands. [potion of mutation]
  2359 | D        | Lost mutation: Your magical capacity is low. (-10% MP)
                  | [potion of mutation]
  2359 | D        | Lost mutation: You expend magic power (3 MP) to strengthen
                  | your wands. [potion of mutation]
  2359 | D        | Lost mutation: Your mind is acute. (Int +4, Str/Dex -1)
                  | [potion of mutation]
  2359 | D        | Gained mutation: You have very sharp teeth. [potion of
                  | mutation]
  2359 | D        | Gained mutation: Your flesh is heat resistant. (rF+)
                  | [potion of mutation]
  2359 | D        | Gained mutation: You occasionally lose the ability to read
                  | scrolls when taking damage. [potion of mutation]
  2359 | D        | Gained mutation: Your flesh is cold resistant. (rC+)
                  | [potion of mutation]
  2360 | D        | Lost mutation: You occasionally shout uncontrollably at
                  | your foes. [potion of mutation]
  2360 | D        | Lost mutation: Your flesh is cold resistant. (rC+) [potion
                  | of mutation]
  2360 | D        | Gained mutation: Your body sometimes deteriorates upon
                  | taking damage. [potion of mutation]
  2360 | D        | Gained mutation: You have extremely sharp teeth. [potion of
                  | mutation]
  2361 | D        | Lost mutation: You have extremely sharp teeth. [potion of
                  | mutation]
  2361 | D        | Lost mutation: Your body sometimes deteriorates upon taking
                  | damage. [potion of mutation]
  2361 | D        | Gained mutation: You are partially covered in iridescent
                  | scales. (AC +2) [potion of mutation]
  2361 | D        | Gained mutation: You expend magic power (3 MP) to
                  | strengthen your wands. [potion of mutation]
  2361 | D        | Gained mutation: Your flesh is very heat resistant. (rF++)
                  | [potion of mutation]
  2362 | D        | Round 19.
  2482 | D        | Arena points: 18638 (+3705) [x13]
  2533 | D        | Bought 5 potions of haste for 1000 gold pieces
  2533 | D        | Bought 5 potions of haste for 1000 gold pieces
  2533 | D        | Bought 5 potions of heal wounds for 500 gold pieces
  2533 | D        | Bought 5 potions of heal wounds for 500 gold pieces
  2533 | D        | Bought a quad damage for 400 gold pieces
  2533 | D        | Bought a quad damage for 400 gold pieces
  2533 | D        | Bought a quad damage for 400 gold pieces
  2540 | D        | Round 20.
  2557 | D        | Bought 4 potions of curing for 84 gold pieces
  2557 | D        | Bought 4 potions of curing for 84 gold pieces
  2557 | D        | Bought 4 potions of curing for 84 gold pieces
  2557 | D        | Bought 3 potions of heal wounds for 105 gold pieces
  2557 | D        | Bought 3 potions of heal wounds for 105 gold pieces
  2557 | D        | Bought 3 potions of heal wounds for 105 gold pieces
  2557 | D        | Bought 3 potions of heal wounds for 105 gold pieces
  2557 | D        | Bought 3 potions of heal wounds for 105 gold pieces
  2557 | D        | Bought 3 potions of heal wounds for 105 gold pieces
  2557 | D        | Bought 3 potions of heal wounds for 105 gold pieces
  2557 | D        | Bought 3 potions of heal wounds for 105 gold pieces
  2557 | D        | Bought 3 potions of heal wounds for 105 gold pieces
  2574 | D        | Noticed Mennas
  2589 | D        | Killed Mennas
  2589 | D        | Identified the +6 shortbow "Qeuxesy" {speed, rElec rPois}
                  | (You found it in the Dungeon)
  2589 | D        | Arena points: 22238 (+3600) [x15]
  2590 | D        | Reached skill level 27 in Unarmed Combat
  2593 | D        | Got a silver rune of Zot
  2624 | D        | Bought 5 scrolls of amnesia for 200 gold pieces
  2624 | D        | Bought 5 scrolls of fog for 200 gold pieces
  2624 | D        | Bought 4 scrolls of fog for 160 gold pieces
  2624 | D        | Bought 3 scrolls of fog for 120 gold pieces
  2624 | D        | Bought 5 scrolls of blinking for 375 gold pieces
  2624 | D        | Bought 4 scrolls of blinking for 300 gold pieces
  2624 | D        | Bought 3 scrolls of blinking for 225 gold pieces
  2626 | D        | Bought a scroll of summoning for 95 gold pieces
  2626 | D        | Bought 5 scrolls of amnesia for 200 gold pieces
  2626 | D        | Bought 5 scrolls of fog for 200 gold pieces
  2626 | D        | Bought 4 scrolls of fog for 160 gold pieces
  2626 | D        | Bought 3 scrolls of fog for 120 gold pieces
  2626 | D        | Bought 5 scrolls of blinking for 375 gold pieces
  2626 | D        | Bought 4 scrolls of blinking for 300 gold pieces
  2626 | D        | Bought 3 scrolls of blinking for 225 gold pieces
  2650 | D        | Bought a pitted hat for 315 gold pieces
  2650 | D        | Identified the +1 hat of Recklessness {Int+2 SInv} (You
                  | bought it in a shop in the Dungeon)
  2782 | D        | Round 21.
  2791 | D        | Noticed an orb of fire
  2802 | D        | Killed an orb of fire
  2906 | D        | Noticed an orb of fire
  2910 | D        | Noticed an orb of fire
  2919 | D        | Killed an orb of fire
  2920 | D        | Reached skill level 15 in Fighting
  2924 | D        | Gained mutation: You occasionally shout uncontrollably at
                  | your foes. [an orb of fire]
  2926 | D        | Gained mutation: You are frail. (-10% HP) [an orb of fire]
  2931 | D        | Killed an orb of fire
  2939 | D        | Arena points: 27614 (+5376) [x16]
  2988 | D        | Round 22.
  3023 | D        | Noticed a royal mummy
  3039 | D        | Killed a royal mummy
  3120 | D        | Arena points: 32850 (+5236) [x17]
  3154 | D        | Round 23.
  3171 | D        | HP: 7/162 [Executioner (5)]
  3172 | D        | Slain by an Executioner

Illustrated notes

Levels and vault maps discovered:
D:        arena_sprint

Skill      XL: |  1  2  3  4  5  6  7  8  9 10 11 12 13 14 15 16 17 18 19 20 21 22 23 24 |
---------------+-------------------------------------------------------------------------+-----
Unarmed Combat | 4 7 8 10 12 13 14 15 17 18 19 21 23 27 | 27.0
Shapeshifting  | 4 7 8 9 10 12 14 15 16 17 25 | 25.3
Dodging        | 3 4 5 7 8 9 11 12 13 15 16 | 16.1
Evocations     | 1 2 |  2.6
Fighting       | 2 5 6 8 10 11 18 | 18.9
Stealth        | 1 2 9 |  9.6
Spellcasting   | 2 6 7 |  7.4
Shields        | 3 |  3.1

Action                     |  1- 3 |  4- 6 |  7- 9 | 10-12 | 13-15 | 16-18 | 19-21 | 22-24 || total
---------------------------+-------+-------+-------+-------+-------+-------+-------+-------++-------
  Melee: Unarmed           |     4 |    13 |    36 |    73 |       |       |       |   291 ||   417
         Constrict         |     1 |     3 |    12 |    11 |       |       |       |    44 ||    71
         Tentacles         |       |     3 |    12 |    16 |       |       |       |    56 ||    87
         Punch             |       |       |     5 |     4 |       |       |       |    67 ||    76
         Bite              |       |       |       |       |       |       |       |     5 ||     5
  Evoke: Wand              |     4 |       |     1 |       |       |       |       |       ||     5
    Use: Potion            |       |       |     1 |     2 |     3 |     3 |     3 |    17 ||    29
         Scroll            |       |       |       |       |       |       |       |     1 ||     1
   Stab: Distracted        |       |       |     2 |     4 |       |       |       |    15 ||    21
         Confused          |       |       |       |     6 |       |       |       |       ||     6
 Armour: Skin              |     1 |     3 |    13 |    25 |       |       |       |    78 ||   120
  Dodge: Dodged            |     2 |     6 |    32 |    53 |       |       |       |   259 ||   352
  Block: Other             |       |       |       |     4 |       |       |       |    37 ||    41
   Form: Statue            |       |       |     1 |       |       |       |       |       ||     1
         Death             |       |       |       |       |       |       |       |     1 ||     1
         Storm             |       |       |       |       |       |       |       |     1 ||     1

Table legend: (Time is in decaauts)
 A = Elapsed time spent in this place.
 B = Non-inter-level travel time spent in this place.
 C = Inter-level travel time spent in this place.
 D = Time resting spent in this place.
 E = Time spent auto-exploring this place.
 F = Levels seen in this place.
 G = Mean time per level.
                   A        B        C        D        E       F      G
               +--------+--------+--------+--------+--------+-----+--------+
         Total |   3837 |   3837 |      0 |    563 |    194 |   1 | 3837.0 |
       Dungeon |   3837 |   3837 |      0 |    563 |    194 |   1 | 3837.0 |
               +--------+--------+--------+--------+--------+-----+--------+

Top non-repeatable levels by time:
       D: 3837 daAuts
